Map: Port Aleksander LE

Players

Lambo - Winner!

  • Race: Zerg Zerg
  • League: Grandmaster
  • Spawn Location: 11:00

IllIlllIllII

  • Race: Protoss Protoss
  • League: Grandmaster
  • Spawn Location: 5:00

VOD

Have the link to the VOD?

Description

Time

  • Played on: Dec. 19, 2018, 10:44 a.m.
  • Length: 21:53
Show
View Real Time Build Order
Export as new Build Order

Lambo Zerg - Winner!

Build Orders: Hatch First, Brood Lord Corruptor 

Get SALT Encoding   

  12  0:01  Drone  
  13  0:13  Overlord  
  13  0:18  Drone  
  14  0:32  Drone x2  
  16  0:50  Hatchery  
  16  0:53  Drone  
  16  0:56  Drone  
  17  1:00  Drone  
  18  1:10  Extractor  
  17  1:15  Spawning Pool  
  16  1:18  Drone  
  16  1:23  Drone  
  18  1:29  Drone  
  19  1:40  Drone  
  20  1:54  Overlord  
  20  2:02  Queen x2  
  20  2:03  Zergling x4  
  26  2:12  Drone  
  26  2:13  Drone  
  26  2:15  Metabolic Boost  
  28  2:22  Drone  
  29  2:23  Drone  
  30  2:37  Drone x2  
  32  2:44  Hatchery  
  32  2:47  Drone  
  32  2:50  Overlord  
  32  2:59  Queen  
  32  3:01  Drone  
  32  3:03  Drone  
  36  3:12  Drone x2  
  38  3:15  Drone  
  38  3:16  Drone  
  38  3:17  Drone x2  
  38  3:19  Overlord  
  42  3:27  Drone x2  
  42  3:29  Overlord  
  44  3:36  Queen  
  44  3:38  Drone x2  
  48  3:44  Spore Crawler  
  48  3:47  Drone  
  48  3:48  Drone x4  
  52  3:57  Queen, Spore Crawler  
  52  3:58  Zergling x2  
  52  3:59  Zergling x2  
  52  4:02  Overlord  
  55  4:05  Drone x2  
  57  4:11  Drone  
  58  4:19  Overlord  
  58  4:22  Roach Warren  
  58  4:24  Overlord  
  57  4:29  Drone x3  
  57  4:31  Drone  
  60  4:34  Drone x2  
  60  4:35  Drone x2  
  64  4:40  Overlord  
  64  4:41  Lair, Drone  
  65  4:46  Drone x3  
  65  4:48  Overlord, Extractor  
  65  4:49  Extractor  
  64  4:53  Overlord  
  64  4:56  Overlord  
  64  4:57  Drone x2  
  66  5:02  Zergling x8  
  70  5:07  Zergling x2  
  70  5:10  Drone x3  
  74  5:21  Queen, Overlord  
  76  5:25  Queen, Overlord  
  76  5:27  Drone x8  
  86  5:33  Spore Crawler  
  85  5:35  Drone  
  85  5:36  Spore Crawler, Drone  
  85  5:38  Extractor, Drone  
  85  5:40  Drone x2  
  88  5:43  Drone x2  
  88  5:44  Spore Crawler  
  88  5:46  Extractor, Spore Crawler  
  88  5:48  Extractor, Drone  
  88  5:49  Drone x2  
  87  5:51  Drone  
  87  5:54  Queen  
  87  5:55  Drone  
  91  5:57  Drone  
  89  6:04  Drone x3  
  89  6:09  Drone  
  89  6:10  Drone  
  93  6:12  Overseer  
  93  6:15  Hydralisk Den  
  93  6:16  Baneling Nest, Drone  
  93  6:17  Evolution Chamber x2, Drone  
  90  6:18  Drone x2  
  92  6:25  Hatchery  
  92  6:30  Drone x5  
  96  6:37  Overlord  
  96  6:40  Overlord x2  
  96  6:44  Grooved Spines  
  94  6:48  Zerg Missile Weapons Level 1, Zerg Melee Weapons Level 1  
  94  6:51  Hydralisk  
  94  6:52  Infestation Pit  
  95  6:56  Hydralisk x3  
  99  7:03  Drone x2  
  99  7:06  Hydralisk x3  
  107  7:13  Hydralisk x3  
  113  7:16  Centrifical Hooks  
  113  7:19  Hydralisk  
  115  7:23  Hydralisk x2  
  115  7:25  Drone x2  
  115  7:28  Drone x2  
  123  7:32  Hive  
  123  7:36  Spire  
  122  7:39  Drone x3  
  125  7:44  Hydralisk x2  
  129  7:53  Drone  
  129  7:54  Drone x4  
  129  7:56  Muscular Augments, Extractor  
  133  8:00  Extractor  
  133  8:02  Hydralisk x3  
  133  8:04  Overlord  
  138  8:06  Zergling x4  
  138  8:07  Hatchery  
  138  8:11  Drone x4  
  143  8:20  Overlord, Zergling x2  
  143  8:21  Overlord  
  143  8:25  Overlord  
  143  8:26  Overlord  
  144  8:29  Queen  
  144  8:31  Overlord  
  144  8:33  Overlord  
  144  8:34  Overlord  
  146  8:36  Zergling x2  
  146  8:37  Zergling x10  
  151  8:47  Zergling x12  
  157  8:49  Zerg Melee Weapons Level 2, Greater Spire  
  157  8:54  Viper x2  
  163  8:56  Hydralisk  
  163  8:57  Zergling x6  
  167  9:18  Corruptor x7  
  167  9:20  Zergling x8  
  184  9:31  Zerg Missile Weapons Level 2  
  177  9:48  Overseer  
  177  9:50  Extractor  
  176  9:53  Extractor  
  175  10:06  Drone x6  
  181  10:07  Brood Lord x4  
  181  10:08  Brood Lord x3  
  181  10:10  Pneumatized Carapace  
  181  10:13  Zerg Flyer Weapons Level 1  
  195  10:18  Drone x4  
  199  10:21  Spine Crawler  
  199  10:22  Spine Crawler  
  199  10:23  Spine Crawler  
  199  10:24  Spine Crawler  
  199  10:25  Spine Crawler, Drone x4  
  199  10:26  Spine Crawler  
  197  10:28  Spine Crawler  
  197  10:29  Spine Crawler  
  197  10:33  Corruptor x5  
  195  10:36  Baneling x6  
  195  10:39  Overlord  
  195  10:46  Zergling x8  
  198  10:55  Unknown  
  187  10:57  Unknown  
  174  11:07  Zergling x2  
  174  11:08  Zergling x50  
  189  11:17  Zergling x2  
  189  11:18  Zergling x18  
  160  11:38  Brood Lord x5  
  162  11:42  Corruptor  
  162  11:45  Pathogen Glands  
  164  11:48  Drone x3  
  164  11:50  Drone  
  164  11:51  Baneling x3  
  164  11:53  Baneling  
  168  12:01  Corruptor x2  
  172  12:08  Drone x3  
  172  12:09  Drone x3  
  172  12:11  Overseer  
  178  12:29  Zerg Melee Weapons Level 3, Zerg Ground Armor Level 1  
  178  12:30  Zerg Flyer Weapons Level 2  
  178  12:31  Infestor  
  178  12:32  Infestor x4  
  178  12:35  Brood Lord  
  190  12:42  Infestor x3  
  193  13:09  Hatchery  
  192  13:13  Infestor x2  
  192  13:14  Infestor x2  
  200  13:34  Spore Crawler  
  200  13:35  Spore Crawler  
  200  13:36  Spore Crawler  
  200  13:38  Queen, Spire  
  200  13:39  Overlord  
  200  13:40  Overlord  
  197  13:55  Overlord x3, Overseer  
  197  13:57  Overlord x2  
  196  14:08  Adrenal Glands  
  190  14:17  Infestor x6  
  186  14:23  Drone  
  199  14:29  Spore Crawler x2  
  199  14:31  Spore Crawler x3, Corruptor x2  
  196  14:33  Spore Crawler  
  196  14:35  Baneling x12  
  196  14:36  Extractor  
  196  14:41  Extractor  
  189  14:46  Brood Lord  
  189  14:50  Drone x7  
  189  14:51  Drone  
  199  14:56  Spore Crawler  
  199  14:57  Spore Crawler, Burrow  
  199  14:58  Spore Crawler  
  174  15:09  Hydralisk x4  
  174  15:10  Hydralisk x14  
  180  15:28  Neural Parasite  
  173  15:30  Drone x10  
  179  15:43  Infestor x4  
  187  15:50  Zerg Flyer Armor Level 1  
  187  15:59  Brood Lord  
  187  16:00  Brood Lord  
  187  16:10  Corruptor x2  
  191  16:14  Drone  
  191  16:15  Drone x2  
  191  16:17  Drone x3  
  197  16:28  Infestor  
  199  16:38  Overseer  
  199  16:39  Overseer x2  
  197  16:54  Spire, Hydralisk Den  
  172  17:11  Corruptor x4  
  176  17:16  Corruptor  
  176  17:21  Mutalisk  
  177  17:34  Drone x6  
  177  17:56  Extractor  
  177  17:57  Extractor  
  175  17:58  Spine Crawler  
  175  17:59  Spine Crawler  
  175  18:01  Spine Crawler x2  
  175  18:02  Spine Crawler  
  175  18:03  Spine Crawler  
  175  18:04  Brood Lord x5, Spore Crawler  
  178  18:06  Extractor  
  178  18:08  Drone x3  
  178  18:09  Drone x3  
  178  18:10  Extractor  
  182  18:15  Infestor x4  
  190  18:20  Lurker Den  
  190  18:26  Overseer  
  190  18:27  Zerg Flyer Armor Level 2, Zerg Flyer Weapons Level 3  
  189  18:29  Drone  
  150  18:59  Hydralisk x8  
  152  19:05  Infestor x2  
  143  19:11  Hydralisk x2  
  117  19:26  Drone x6  
  123  19:46  Viper x3  
  123  19:49  Lurker  
  123  19:52  Drone x2  
  135  19:53  Drone x5  
  135  19:57  Adaptive Talons  
  135  19:59  Lurker  
  141  20:08  Drone x2  
  141  20:09  Drone x3  
  146  20:18  Hydralisk x5  
  156  20:32  Evolution Chamber, Lurker  
  156  20:33  Lurker x5  
  161  20:41  Hydralisk, Zergling x6  
  161  20:42  Zergling x10  
  171  20:53  Lurker x2  
  171  20:54  Lurker  
  175  20:57  Lurker x2  
  177  21:04  Lurker x2  
  177  21:05  Zergling x28  
Show
View Real Time Build Order
Export as new Build Order

IllIlllIllII Protoss 

Build Orders: 1 Gate Expand, Oracle Opening, Phoenix Opening, Archon Immortal, Mass Phoenix 

Get SALT Encoding   

  12  0:00  Probe  
  13  0:12  Probe  
  14  0:19  Pylon  
  14  0:24  Probe  
  15  0:34  Probe  
  15  0:41  Gateway  
  15  0:42  Probe  
  16  0:47  Assimilator  
  17  0:52  Probe  
  18  1:04  Probe  
  19  1:16  Probe  
  20  1:26  Nexus  
  20  1:40  Cybernetics Core  
  20  1:42  Probe  
  21  1:47  Assimilator  
  21  1:54  Probe  
  21  1:57  Pylon  
  22  2:06  Probe  
  22  2:07  Adept  
  23  2:18  Probe  
  23  2:22  Stargate  
  26  2:30  Probe  
  26  2:33  Warp Gate, Pylon  
  27  2:39  Adept  
  27  2:41  Probe  
  29  2:44  Probe  
  29  2:49  Probe  
  31  2:56  Probe  
  31  2:57  Phoenix  
  33  3:00  Probe  
  36  3:09  Probe  
  36  3:12  Probe  
  38  3:14  Oracle  
  38  3:21  Probe  
  38  3:24  Gateway, Probe  
  43  3:31  Pylon  
  43  3:33  Probe  
  44  3:36  Probe  
  44  3:38  Assimilator  
  44  3:40  Assimilator  
  45  3:45  Probe  
  46  3:49  Probe  
  46  3:51  Pylon  
  46  3:53  Stargate  
  47  3:57  Probe  
  47  4:01  Probe  
  49  4:04  Phoenix  
  49  4:05  Pylon  
  49  4:09  Probe  
  52  4:13  Probe  
  52  4:17  Pylon  
  55  4:21  Probe  
  54  4:25  Probe  
  55  4:32  Phoenix  
  55  4:36  Phoenix  
  55  4:37  Adept  
  55  4:38  Adept  
  61  4:44  Probe  
  64  4:49  Phoenix  
  64  4:53  Phoenix  
  66  5:01  Nexus  
  68  5:11  Pylon  
  68  5:13  Phoenix  
  68  5:15  Probe  
  68  5:18  Phoenix  
  68  5:20  Probe  
  74  5:28  Probe  
  75  5:37  Robotics Facility x2  
  75  5:38  Sentry, Pylon  
  75  5:39  Probe  
  75  5:41  Probe  
  79  5:51  Probe  
  79  5:54  Twilight Council  
  79  5:55  Forge  
  79  5:56  Probe  
  81  6:08  Probe  
  81  6:09  Probe  
  83  6:13  Sentry, Probe  
  83  6:15  Immortal  
  83  6:16  Pylon  
  83  6:17  Immortal  
  86  6:20  Probe  
  86  6:21  Probe  
  86  6:22  Charge, Protoss Ground Weapons Level 1  
  86  6:23  Pylon  
  92  6:26  Probe  
  92  6:32  Probe  
  98  6:34  Probe  
  98  6:38  Probe  
  100  6:44  Probe  
  100  6:46  Probe  
  102  6:48  Robotics Bay  
  102  6:49  Immortal  
  102  6:50  Probe, Assimilator  
  102  6:53  Assimilator  
  103  6:56  Probe, Immortal  
  103  6:58  Probe  
  109  7:06  Probe  
  114  7:08  Probe  
  114  7:13  Pylon  
  114  7:14  Gateway  
  115  7:19  Gateway  
  115  7:20  Gateway  
  115  7:23  Gateway  
  115  7:25  Observer  
  115  7:26  Colossus  
  116  7:42  Pylon  
  122  7:48  Nexus  
  122  7:51  Extended Thermal Lance  
  122  8:02  Gateway x2  
  122  8:05  Colossus  
  122  8:06  Probe x3  
  122  8:08  Colossus, Templar Archives, Photon Cannon  
  122  8:10  Photon Cannon  
  125  8:15  Protoss Ground Weapons Level 2  
  131  8:22  Probe x3  
  140  8:27  Assimilator  
  140  8:31  Assimilator  
  140  8:42  Probe  
  140  8:45  Pylon  
  140  8:46  Psionic Storm  
  140  8:47  Pylon  
  141  8:48  Pylon  
  141  8:50  Photon Cannon  
  141  8:52  Photon Cannon  
  141  8:55  Pylon  
  141  9:00  Probe x2  
  141  9:01  High Templar x2  
  147  9:05  High Templar, Pylon  
  147  9:06  Warp Prism  
  151  9:13  High Templar  
  151  9:14  Warp Prism  
  151  9:16  High Templar  
  157  9:27  Gateway  
  157  9:29  Gateway  
  157  9:30  Gateway  
  157  9:32  Gateway  
  157  9:43  Gateway  
  157  9:47  High Templar x4  
  157  9:48  Zealot x4  
  157  9:51  Archon x2  
  173  9:57  Photon Cannon  
  173  9:59  Photon Cannon  
  173  10:01  Photon Cannon  
  173  10:03  Shield Battery  
  173  10:12  High Templar x4  
  181  10:16  Archon  
  181  10:17  Archon  
  181  10:22  Photon Cannon  
  181  10:30  Protoss Shields Level 1  
  181  10:39  Zealot x7  
  195  10:44  Fleet Beacon  
  195  10:50  Pylon  
  179  11:02  Zealot x8  
  179  11:03  Zealot x5  
  184  11:15  Mothership  
  164  11:22  Tempest  
  142  11:25  Zealot x2  
  142  11:26  Zealot x11  
  166  11:49  High Templar x4  
  166  11:53  Protoss Air Weapons Level 1  
  174  11:54  Tempest  
  174  11:57  Tempest, Stalker x2  
  174  11:59  Protoss Ground Weapons Level 3  
  183  12:15  Zealot x2  
  187  12:29  Tempest  
  187  12:32  Nexus  
  187  12:33  Pylon  
  187  12:34  High Templar x4  
  195  12:38  Archon x2  
  195  12:43  Tempest  
  200  12:45  Blink  
  199  13:02  Tempest  
  189  13:11  Observer x2  
  196  13:24  Stargate  
  196  13:25  Shield Battery  
  196  13:28  Shield Battery x2  
  196  13:30  High Templar, Shield Battery  
  196  13:31  High Templar  
  196  13:33  Photon Cannon  
  200  13:34  Photon Cannon  
  200  13:36  Photon Cannon  
  200  13:38  Photon Cannon  
  200  13:39  Protoss Air Weapons Level 2  
  200  13:40  Pylon  
  198  13:44  Assimilator  
  198  13:49  Assimilator  
  198  13:57  High Templar  
  190  14:22  Dark Shrine  
  186  14:47  Zealot x4  
  186  14:48  Zealot x3  
  200  14:55  Warp Prism  
  181  15:12  Tempest x3  
  158  15:25  Zealot x11  
  158  15:26  Zealot x2  
  155  15:34  Mothership  
  139  15:51  High Templar  
  139  15:52  High Templar x3  
  139  15:55  Tempest x3  
  170  15:58  Stalker x2  
  170  15:59  Stalker x7  
  178  16:11  Observer x2  
  174  16:23  Dark Templar  
  174  16:38  Tempest  
  177  16:43  Dark Templar, Zealot  
  177  16:44  Zealot x6  
  191  16:47  Void Ray x2  
  195  16:55  Stalker x3  
  193  17:09  High Templar x3  
  185  17:28  Observer x2  
  175  18:00  Stalker x3  
  175  18:01  Stalker x4  
  175  18:02  Stalker x5  
  175  18:04  Observer  
  198  18:23  Nexus, Assimilator  
  174  18:57  Stalker x5  
  174  18:58  Stalker x8  
  99  19:18  Tempest  
  99  19:19  Tempest x2  
  97  19:26  Dark Templar  
  97  19:29  High Templar  
  97  19:30  High Templar x2  
  105  19:34  High Templar  
  107  19:49  Zealot  
  107  19:56  Tempest x2  
  107  19:58  Tempest  
  107  20:05  Nexus  
  117  20:11  Assimilator  
  117  20:14  Observer, Zealot, Colossus  
  122  20:16  Assimilator  
  131  20:29  Colossus  
  131  20:39  Zealot  
  131  20:40  Zealot x5  
  147  20:47  Zealot x5  
  165  21:05  Observer  
  165  21:09  Immortal  
  167  21:30  Zealot x6  
Tags
 
Add a new tag
Caveats
  • Supply blocks, unpowered buildings, or Contaminate may cause inaccurate times.
  • Supply counts are checked every 10 seconds.